 Dungeon Sprint DCSS version 0.17.0-56-gd8de76c (webtiles) character file.

401 kosy22 the Skirmisher (level 6, -8/71 HPs)
             Began as a Troll Fighter on Dec 5, 2015.
             Engulfed by Roxanne's steam (11 damage)
             ... in the Dungeon (Sprint II: "The Violet Keep of Menkaure").
             The game lasted 00:00:36 (62 turns).

kosy22 the Skirmisher (Troll Fighter)                 Turns: 62, Time: 00:00:36

Health: -8/71      AC:  5    Str: 27    XL:     6   Next: 54%
Magic:  5/5        EV: 11    Int:  4    God:
Gold:   243        SH: 10    Dex:  9    Spells: 0 memorised, 5 levels left

rFire  . . .     SeeInvis .       - Unarmed
rCold  . . .     Clarity  .     a - +0 robe
rNeg   . . .     SustAt   .     b - +0 shield
rPois  .         Gourm    +     (helmet restricted)
rElec  .         Spirit   .     (no cloak)
rCorr  .         Warding  .     (gloves unavailable)
rMut   .         NoTele   +     (boots unavailable)
MR     .....                    (no amulet)
Stlth  +.........               (no ring)
                                (no ring)

@: not resistant to hostile enchantments, very unstealthy
A: unfitting armour, claws 3, fast metabolism 3, gourmand, regeneration 2,
shaggy fur 1, tough skin 2
a: no special abilities


You were in the Dungeon.
You were not hungry.

You visited 1 branch You collected 243 gold pieces.

Inventory:

Armour
 a - a +0 robe (worn)
 b - a +0 shield (worn)
Scrolls
 j - a scroll of blinking
Potions
 c - a potion of might
 e - a potion of curing
 f - a potion of heal wounds
 g - a potion of haste
 h - 2 potions of magic
 i - a potion of berserk rage
Comestibles
 d - 2 bread rations


   Skills:
 + Level 7.2 Fighting
 + Level 7.0 Dodging
 + Level 6.5 Shields
 + Level 5.2 Unarmed Combat


You had 5 spell levels left.
You didn't know any spells.

Dungeon Overview and Level Annotations

Branches:
Dungeon (1/1)

Altars:

Shops:
D =(

Annotations:
D exclusion: Roxanne, Roxanne


Innate Abilities, Weirdness & Mutations

You are too large for most types of armour.
You have claws for hands.
Your metabolism is lightning-fast.
You like to eat raw meat.
You heal very quickly.
You are covered in fur (AC +1).
You have very tough skin (AC +2).


Message History

The orb of energy hits you!
The orb of energy explodes!
You scratch Roxanne but do no damage.
You are standing in the rain.
You scratch Roxanne.
Roxanne is lightly damaged.
Roxanne mumbles some strange words.
You blink.
Splash!
Roxanne mumbles some strange words.
You blink.
Splash!
You scratch Roxanne.
Roxanne is lightly damaged.
Roxanne casts a spell.
The bolt of magma hits you!
Ouch! That really hurt!
* * * LOW HITPOINT WARNING * * *
You claw Roxanne!
Roxanne is lightly damaged.
You are engulfed in a cloud of scalding steam.
You die...

####+####
##≈§§§§§§##
##≈§§§§§§§≈##
+≈≈§§@8§§§≈.#
##§§§§§§§§§## #
##§.§§≈§§##
###≈≈#§''#+++##
##≈≈≈.........#
.#≈≈≈≈.##'##..#
.#≈≈≈≈####.##.#
.#≈≈≈≈#..##.# .
.#≈≈####...##


You could see Roxanne.

Vanquished Creatures
  Menkaure (D)
  4 brain worms (D)
5 creatures vanquished.

Notes
Turn   | Place    | Note
--------------------------------------------------------------
     0 | D        | kosy22 the Troll Fighter began the quest for the Orb.
     0 | D        | Reached XP level 1. HP: 22/22 MP: 0/0
     1 | D        | Noticed a brain worm
     1 | D        | Noticed a brain worm
     1 | D        | Noticed a brain worm
     1 | D        | Noticed a brain worm
     3 | D        | Lost intelligence.
     9 | D        | Killed a brain worm
     9 | D        | Reached skill level 4 in Fighting
     9 | D        | Reached XP level 2. HP: 27/33 MP: 1/1
     9 | D        | Reached XP level 3. HP: 32/40 MP: 2/2
     9 | D        | Reached XP level 4. HP: 39/49 MP: 3/3
    13 | D        | Killed a brain worm
    13 | D        | Reached skill level 5 in Fighting
    13 | D        | Reached skill level 5 in Dodging
    13 | D        | Reached skill level 5 in Shields
    13 | D        | Reached XP level 5. HP: 49/57 MP: 4/4
    18 | D        | Killed a brain worm
    18 | D        | Reached skill level 6 in Fighting
    23 | D        | Killed a brain worm
    23 | D        | Reached XP level 6. HP: 55/68 MP: 5/5
    42 | D        | Noticed Roxanne
    44 | D        | Noticed Menkaure
    49 | D        | Killed Menkaure
    49 | D        | Reached skill level 7 in Fighting
    49 | D        | Reached skill level 5 in Unarmed Combat
    50 | D        | Found Piemot's Jewellery Shoppe.
    50 | D        | Found Ryff's Antique Weapon Emporium.
    61 | D        | HP: 3/71 [Roxanne/bolt of magma (39)]
    62 | D        | Engulfed by Roxanne's steam

Action                   |  1- 3 |  4- 6 || total
-------------------------+-------+-------++-------
Melee: Unarmed           |     5 |    23 ||    28
